[Event "North American U20 Girls 2019"]
[Site "Charlotte"]
[Date "2019.06.27"]
[Round "1.1"]
[White "Yip, Carissa"]
[Black "Arnold, Peishanika"]
[Result "1-0"]
[ECO "B90"]
[WhiteElo "2276"]
[BlackElo "1763"]
[Annotator "NA"]
[PlyCount "91"]
[EventDate "2019.06.27"]
[EventType "swiss"]
[EventCountry "USA"]
[SourceTitle "playchess.com"]
[Source "ChessBase"]
[SourceQuality "1"]
[TimeControl "5400+30"]

1. e4 c5 2. Nf3 d6 3. d4 cxd4 4. Nxd4 Nf6 5. Nc3 a6 6. Be3 Nbd7 7. f3 b5 8. g4 e5 9. Nc6 Qc7 10. Nb4 Nb6 11. g5 Nfd7 12. Nbd5 Qd8 13. a4 bxa4 14. Nxa4 Nxa4 15. Rxa4 Bb7 16. Bh3 Bxd5 17. Qxd5 Rc8 18. Rxa6 Rxc2 19. Ra8 Rc8 20. Rxc8 Qxc8 21. O-O Be7 22. Rc1 Qd8 23. Qc6 O-O 24. Qxd7 Bxg5 25. Qa7 Qf6 26. Bg2 h5 27. b4 h4 28. h3 Qg6 29. Rc3 f5 30. Bxg5 Qxg5 31. Qe3 Qg6 32. b5 f4 33. Qd2 Rd8 34. Qd5+ Kh7 35. b6 Qe8 36. Qc6 Qe7 37. b7 Rb8 38. Rb3 Qd8 39. Rb6 Kh8 40. Ra6 Kh7 41. Ra8 Kh6 42. Kh1 Kh7 43. Rxb8 Qxb8 44. Qc8 Qa7 45. b8=Q Qf2 46. Qf5+ 1-0

[Event "North American U20 Girls 2019"]
[Site "Charlotte"]
[Date "2019.06.27"]
[Round "1.2"]
[White "Velidandla, Sarvagna"]
[Black "Zhu, Evelyn"]
[Result "0-1"]
[ECO "D13"]
[WhiteElo "1717"]
[BlackElo "2006"]
[Annotator "NA"]
[PlyCount "111"]
[EventDate "2019.06.27"]
[EventType "swiss"]
[EventCountry "USA"]
[SourceTitle "playchess.com"]
[Source "ChessBase"]
[SourceQuality "1"]
[TimeControl "5400+30"]

1. d4 d5 2. c4 c6 3. cxd5 cxd5 4. Nc3 Nf6 5. Bf4 Nc6 6. e3 a6 7. Rc1 Bf5 8. Nf3 e6 9. Qb3 Ra7 10. Be2 Be7 11. h3 Nd7 12. O-O O-O 13. Na4 Re8 14. Bd3 Bxd3 15. Qxd3 Qa5 16. Qb3 Rc8 17. Ne5 Ndxe5 18. Bxe5 b5 19. Nc5 Qb6 20. Bf4 Raa8 21. Qd3 Qa7 22. Rc3 e5 23. Bg3 exd4 24. exd4 Bf6 25. Nb3 Nxd4 26. Rxc8+ Rxc8 27. Nxd4 Qxd4 28. Qf5 Qc4 29. Rd1 d4 30. Be5 Bxe5 31. Qxe5 d3 32. Qd6 Qxa2 33. Rxd3 h6 34. Qd7 Rc1+ 35. Kh2 Qc4 36. Rd4 Qc7+ 37. Qxc7 Rxc7 38. Rd8+ Kh7 39. Rd6 Rc2 40. Kg3 a5 41. b4 axb4 42. Rd5 b3 43. Rxb5 b2 44. Kf3 Kg6 45. g3 Kf6 46. h4 Ke6 47. Ke3 Kd6 48. Rb8 Kd5 49. Rb5+ Kc4 50. Rb8 Kc3 51. f3 Rg2 52. g4 Kc2 53. Rc8+ Kd1 54. Rb8 Kc1 55. Rc8+ Rc2 56. Kd4 0-1

[Event "North American U20 Girls 2019"]
[Site "Charlotte"]
[Date "2019.06.27"]
[Round "1.3"]
[White "Zeng, Sheena"]
[Black "Yellamraju, Ambica"]
[Result "1-0"]
[ECO "D35"]
[WhiteElo "1964"]
[BlackElo "1712"]
[Annotator "NA"]
[PlyCount "87"]
[EventDate "2019.06.27"]
[EventType "swiss"]
[EventCountry "USA"]
[SourceTitle "playchess.com"]
[Source "ChessBase"]
[SourceQuality "1"]
[TimeControl "5400+30"]

1. d4 d5 2. c4 e6 3. Nc3 Be7 4. Nf3 Nf6 5. cxd5 exd5 6. Qc2 c6 7. h3 O-O 8. Bf4 Nbd7 9. e3 Re8 10. Bd3 Nf8 11. O-O Ng6 12. Bh2 Bd6 13. Bxd6 Qxd6 14. Rab1 Bd7 15. b4 a6 16. Na4 Ne4 17. Nc5 Nxc5 18. bxc5 Qc7 19. Rb6 Nf8 20. Rfb1 Bc8 21. Ne5 g6 22. R6b3 Ne6 23. f4 Ng7 24. Qf2 Ra7 25. Bc2 Bf5 26. Bxf5 Nxf5 27. g4 Ng7 28. g5 Nf5 29. h4 Kf8 30. Qh2 Ng7 31. f5 Kg8 32. f6 Ne6 33. Ng4 Qxh2+ 34. Kxh2 Nd8 35. Ne5 Ra8 36. Kg3 Rc8 37. R3b2 Rc7 38. h5 Ne6 39. hxg6 hxg6 40. Kg4 Ng7 41. fxg7 Kxg7 42. Rxb7 Ree7 43. Rxc7 Rxc7 44. Rb6 1-0

[Event "North American U20 Girls 2019"]
[Site "Charlotte"]
[Date "2019.06.27"]
[Round "1.4"]
[White "Santiago Gonzalez, Frida"]
[Black "Morris-Suzuki, Sophie"]
[Result "0-1"]
[ECO "A08"]
[WhiteElo "1711"]
[BlackElo "1945"]
[Annotator "NA"]
[PlyCount "62"]
[EventDate "2019.06.27"]
[EventType "swiss"]
[EventCountry "USA"]
[SourceTitle "playchess.com"]
[Source "ChessBase"]
[SourceQuality "1"]
[TimeControl "5400+30"]

1. e4 c5 2. Nf3 e6 3. d3 d5 4. Nbd2 Nc6 5. g3 Bd6 6. Bg2 Nge7 7. O-O O-O 8. Re1 b5 9. a4 b4 10. b3 a5 11. Bb2 Ba6 12. exd5 exd5 13. Nh4 Qd7 14. Qh5 Bc7 15. Ndf3 f6 16. Nd2 Rad8 17. Rad1 Bc8 18. f4 Qd6 19. f5 Ne5 20. Ndf3 Nf7 21. Bc1 Nc6 22. Bf4 Qd7 23. Bxc7 Qxc7 24. Re2 c4 25. dxc4 dxc4 26. Rde1 Bd7 27. Nd2 Nd4 28. Re7 Nxc2 29. Kh1 Qc5 30. R1e2 Nd4 31. R2e4 c3 0-1

[Event "North American U20 Girls 2019"]
[Site "Charlotte"]
[Date "2019.06.27"]
[Round "1.5"]
[White "Chin, Angelica"]
[Black "Dommalapati, Aasa"]
[Result "0-1"]
[ECO "B33"]
[WhiteElo "1937"]
[BlackElo "1691"]
[Annotator "NA"]
[PlyCount "120"]
[EventDate "2019.06.27"]
[EventType "swiss"]
[EventCountry "USA"]
[SourceTitle "playchess.com"]
[Source "ChessBase"]
[SourceQuality "1"]
[TimeControl "5400+30"]

1. e4 c5 2. Nf3 Nc6 3. d4 cxd4 4. Nxd4 Nf6 5. Nc3 e5 6. Ndb5 d6 7. Bg5 a6 8. Na3 b5 9. Nd5 Be7 10. Bxf6 Bxf6 11. c4 b4 12. Nc2 a5 13. b3 O-O 14. g3 Bg5 15. Bg2 Ne7 16. O-O Nxd5 17. Qxd5 Be6 18. Qd3 Qb6 19. Rad1 Rfd8 20. Qe2 a4 21. h4 axb3 22. axb3 Bh6 23. Ra1 Bd7 24. Rfd1 Rxa1 25. Rxa1 Bc6 26. Qd1 Qb7 27. Qe1 f5 28. Qxb4 fxe4 29. Qxb7 Bxb7 30. Ra7 Rb8 31. Kf1 d5 32. Ra5 Ra8 33. Rb5 Ra7 34. Nb4 d4 35. Rxe5 Ra1+ 36. Ke2 d3+ 37. Nxd3 exd3+ 38. Kxd3 Bxg2 39. c5 g6 40. b4 Rb1 41. Re8+ Kf7 42. Rb8 Ke6 43. Rb6+ Kd7 44. h5 Bc6 45. Kc4 Bd2 46. hxg6 hxg6 47. b5 Rxb5 48. Rxb5 Bxb5+ 49. Kxb5 Be1 50. c6+ Kc7 51. f3 Bxg3 52. Kc5 g5 53. Kd5 Bd6 54. Ke6 Kxc6 55. Kf5 Bf4 56. Ke6 Kc5 57. Kf5 Kd4 58. Kg4 Ke3 59. Kh3 Kf2 60. Kg4 Kg2 0-1

[Event "North American U20 Girls 2019"]
[Site "Charlotte"]
[Date "2019.06.27"]
[Round "2.3"]
[White "Dommalapati, Aasa"]
[Black "Zeng, Sheena"]
[Result "1/2-1/2"]
[ECO "C10"]
[WhiteElo "1691"]
[BlackElo "1964"]
[Annotator "NA"]
[PlyCount "71"]
[EventDate "2019.06.27"]
[EventType "swiss"]
[EventCountry "USA"]
[SourceTitle "playchess.com"]
[Source "ChessBase"]
[SourceQuality "1"]
[TimeControl "5400+30"]

1. e4 e6 2. d4 d5 3. Nc3 dxe4 4. Nxe4 Nd7 5. Nf3 Ngf6 6. Nxf6+ Nxf6 7. c3 c5 8. Ne5 a6 9. Qa4+ Nd7 10. Bb5 cxd4 11. Bxd7+ Bxd7 12. Qxd4 Bb5 13. Qxd8+ Rxd8 14. a4 Bd7 15. Nxd7 Rxd7 16. Be3 Bd6 17. Rd1 Ke7 18. Ke2 Rhd8 19. Rd3 b5 20. axb5 axb5 21. Rhd1 Be5 22. Bc5+ Ke8 23. g3 Rd5 24. Rxd5 Rxd5 25. Rxd5 exd5 26. Kd3 Kd7 27. f4 Bf6 28. Bd4 Bxd4 29. Kxd4 Kd6 30. h3 h6 31. g4 g5 32. f5 f6 33. b3 Kc6 34. Ke3 Kc5 35. Kd3 Kc6 36. Kd4 1/2-1/2

[Event "North American U20 Girls 2019"]
[Site "Charlotte"]
[Date "2019.06.27"]
[Round "2.5"]
[White "Li, Yilin"]
[Black "Wu, Abbie"]
[Result "0-1"]
[ECO "B85"]
[WhiteElo "1916"]
[BlackElo "1448"]
[Annotator "NA"]
[PlyCount "134"]
[EventDate "2019.06.27"]
[EventType "swiss"]
[EventCountry "USA"]
[SourceTitle "playchess.com"]
[Source "ChessBase"]
[SourceQuality "1"]
[TimeControl "5400+30"]

1. e4 c5 2. Nf3 d6 3. Nc3 Nf6 4. d4 cxd4 5. Nxd4 Nc6 6. Be2 e6 7. O-O Be7 8. Be3 O-O 9. f4 a6 10. Qe1 Nxd4 11. Bxd4 b5 12. Bd3 Re8 13. Qg3 Bb7 14. Rae1 Rc8 15. Qh3 h6 16. Rf3 e5 17. Bf2 Nd7 18. f5 Bg5 19. Rf1 Nc5 20. Qg4 d5 21. Bxc5 Rxc5 22. f6 dxe4 23. Nxe4 Qd4+ 24. Kh1 Bxe4 25. Qxe4 Qxe4 26. Bxe4 Bxf6 27. Ra3 Re6 28. Rd1 Be7 29. Rad3 g6 30. Rd7 Kf8 31. g4 Rc8 32. c3 Rf6 33. Kg2 Rc4 34. Re1 Bc5 35. Bf3 e4 36. Be2 Ra4 37. a3 e3 38. Rc7 Bd6 39. Rc8+ Kg7 40. Bf3 Bf4 41. Bd5 Bg5 42. Kg3 h5 43. h3 h4+ 44. Kg2 Rf2+ 45. Kg1 Raf4 46. Re8 Rf6 47. b4 Rd2 48. Bb7 Rff2 49. R8xe3 Bxe3 50. Rxe3 Rf6 51. c4 bxc4 52. a4 Rb2 53. b5 axb5 54. axb5 Rxb5 55. Be4 Re5 56. Kg2 Rf4 57. g5 Rfxe4 58. Rc3 Rxg5+ 59. Kf2 Rf4+ 60. Ke1 Re5+ 61. Kd1 Rd4+ 62. Kc1 Rd3 63. Rxc4 Rxh3 64. Rg4 Rh1+ 65. Kd2 h3 66. Kc2 h2 67. Rg2 Ra1 0-1

[Event "North American U20 Girls 2019"]
[Site "Charlotte"]
[Date "2019.06.27"]
[Round "3.2"]
[White "Wu, Abbie"]
[Black "Zhu, Evelyn"]
[Result "0-1"]
[ECO "B43"]
[WhiteElo "1448"]
[BlackElo "2006"]
[Annotator "NA RC"]
[PlyCount "66"]
[EventDate "2019.06.27"]
[EventType "swiss"]
[EventCountry "USA"]
[SourceTitle "playchess.com"]
[Source "ChessBase"]
[SourceQuality "1"]
[TimeControl "5400+30"]

1. e4 c5 2. Nf3 e6 3. d4 cxd4 4. Nxd4 a6 5. Nc3 Qc7 6. Be3 Nf6 7. f3 Bb4 8. Nde2 b5 9. a3 Be7 10. Qd2 d6 11. Nd4 Bb7 12. g4 h6 13. h4 d5 14. exd5 Nxd5 15. Nxd5 Bxd5 16. Kf2 Nc6 17. Nxc6 Qxc6 18. Be2 Rd8 19. Qc1 e5 20. Rh3 Be6 21. Bd3 h5 22. Be4 Qc8 23. Qh1 hxg4 24. fxg4 Bxg4 25. Rh2 Rd6 26. Rc1 f5 27. Bb7 Qc4 28. Kg1 Rg6 29. Bg2 f4 30. Bf2 f3 31. Bf1 Bh3+ 32. Rg2 fxg2 33. Qxh3 gxf1=Q+ 0-1

[Event "North American U20 Girls 2019"]
[Site "Charlotte"]
[Date "2019.06.27"]
[Round "3.3"]
[White "Ehsani, Yassamin"]
[Black "Dommalapati, Aasa"]
[Result "1-0"]
[ECO "E81"]
[WhiteElo "1866"]
[BlackElo "1691"]
[Annotator "NA RC"]
[PlyCount "75"]
[EventDate "2019.06.27"]
[EventType "swiss"]
[EventCountry "USA"]
[SourceTitle "playchess.com"]
[Source "ChessBase"]
[SourceQuality "1"]
[TimeControl "5400+30"]

1. d4 Nf6 2. c4 g6 3. Nc3 Bg7 4. e4 d6 5. Nge2 O-O 6. f3 Nbd7 7. Ng3 h5 8. Be2 c5 9. d5 Ne5 10. O-O a6 11. a4 Rb8 12. Be3 Ne8 13. Qd2 Kh7 14. h3 h4 15. Nh1 f5 16. Bg5 Bf6 17. Bxf6 exf6 18. exf5 Bxf5 19. Qf4 Nd3 20. Qxh4+ Kg7 21. Ng3 Qd7 22. Nxf5+ Qxf5 23. Bxd3 Qxd3 24. Qe4 Qxe4 25. Nxe4 b5 26. axb5 axb5 27. b3 bxc4 28. bxc4 f5 29. Ng5 Nc7 30. Ra7 Kh6 31. f4 Rbc8 32. Re1 Rg8 33. Re7 Rg7 34. Rxg7 Kxg7 35. Rxc7+ Rxc7 36. Ne6+ Kf6 37. Nxc7 Ke7 38. g4 1-0

[Event "North American U20 Girls 2019"]
[Site "Charlotte"]
[Date "2019.06.27"]
[Round "3.5"]
[White "Chin, Angelica"]
[Black "Arnold, Peishanika"]
[Result "1-0"]
[ECO "B92"]
[WhiteElo "1937"]
[BlackElo "1763"]
[Annotator "NA RC"]
[PlyCount "87"]
[EventDate "2019.06.27"]
[EventType "swiss"]
[EventCountry "USA"]
[SourceTitle "playchess.com"]
[Source "ChessBase"]
[SourceQuality "1"]
[TimeControl "5400+30"]

1. e4 c5 2. Nf3 d6 3. d4 cxd4 4. Nxd4 Nf6 5. Nc3 a6 6. Be2 e5 7. Nb3 Be7 8. O-O Be6 9. Kh1 O-O 10. f4 exf4 11. Bxf4 Nc6 12. Qe1 Qe8 13. Qg3 Ne5 14. Nd4 Qd7 15. Rad1 Ng6 16. Bg5 Ne8 17. Nf5 Bxg5 18. Qxg5 Rd8 19. Rf3 f6 20. Qh5 Ne5 21. Rg3 Kh8 22. Nd5 Bxd5 23. Rxd5 g6 24. Qh6 Rg8 25. Nh4 Nc7 26. Rd1 Ne6 27. Nf3 Rdf8 28. Nxe5 fxe5 29. Bc4 Rf6 30. c3 Rgf8 31. h3 Nc5 32. Qe3 Qe7 33. b4 Ne6 34. Bxe6 Qxe6 35. Qd2 b5 36. Rd3 Rf2 37. Qh6 Rf1+ 38. Kh2 R1f2 39. Rxd6 Qxa2 40. R1d2 Qf7 41. Rxf2 Qxf2 42. Rxg6 Qf7 43. Rxa6 Qe7 44. Ra7 1-0

[Event "North American U20 Girls 2019"]
[Site "Charlotte"]
[Date "2019.06.28"]
[Round "4.1"]
[White "Ehsani, Yassamin"]
[Black "Yip, Carissa"]
[Result "0-1"]
[ECO "A65"]
[WhiteElo "1866"]
[BlackElo "2276"]
[Annotator "RC"]
[PlyCount "67"]
[EventDate "2019.06.27"]
[EventType "swiss"]
[EventCountry "USA"]
[SourceTitle "playchess.com"]
[Source "ChessBase"]
[SourceQuality "1"]
[TimeControl "5400+30"]

1. d4 Nf6 2. c4 g6 3. Nc3 Bg7 4. e4 d6 5. Nge2 O-O 6. f3 c5 7. d5 e6 8. Ng3 exd5 9. cxd5 a6 10. a4 Nbd7 11. Be2 h5 12. O-O Nh7 13. Be3 Ne5 14. Qd2 h4 15. Nh1 f5 16. Nf2 Bd7 17. Rae1 Qb6 18. f4 Nf7 19. Kh1 Rae8 20. e5 dxe5 21. Nd3 Rc8 22. b4 e4 23. Nxc5 Qxb4 24. N3xe4 Qxd2 25. Nxd2 Rfe8 26. Nxd7 Rxe3 27. Nc4 Rxe2 28. Rxe2 Rxc4 29. Ne5 Rxa4 30. Nxg6 Bf6 31. Ne7+ Bxe7 32. Rxe7 b5 33. h3 Nf6 34. d6 0-1

[Event "North American U20 Girls 2019"]
[Site "Charlotte"]
[Date "2019.06.28"]
[Round "4.2"]
[White "Zhu, Evelyn"]
[Black "Zeng, Sheena"]
[Result "1/2-1/2"]
[ECO "E34"]
[WhiteElo "2006"]
[BlackElo "1964"]
[Annotator "NA RC"]
[PlyCount "41"]
[EventDate "2019.06.27"]
[EventType "swiss"]
[EventCountry "USA"]
[SourceTitle "playchess.com"]
[Source "ChessBase"]
[SourceQuality "1"]
[TimeControl "5400+30"]

1. d4 Nf6 2. c4 e6 3. Nc3 Bb4 4. Qc2 d5 5. cxd5 Qxd5 6. e3 c5 7. Bd2 Bxc3 8. bxc3 Nc6 9. Nf3 O-O {[%emt 0:00:30] E34: Nimzo-Indian: Classical: 4...d5} 10. Bd3 (10. c4 Qd6 11. Bc3 cxd4 12. exd4 b6 13. Be2 Bb7 14. O-O Rac8 15. Rfd1 Ne7 16. Qb3 {0-1 (83) Riazantsev,A (2654)-Harikrishna,P (2737) Geneva 2017}) 10... c4 11. Be2 Rb8 $146 ({Predecessor:} 11... e5 12. dxe5 Nxe5 13. Nxe5 Qxe5 14. O-O Bf5 {0-1 (40) Flohr,S-Colle,E Bled 1931}) 12. Bc1 b5 13. Ba3 Re8 14. O-O Bb7 15. Rfd1 Ne7 16. Ne1 Ng6 17. Bf3 Qd7 18. Rab1 a6 19. Bxb7 Qxb7 20. Nf3 Qe4 21. Qxe4 $11 1/2-1/2

[Event "North American U20 Girls 2019"]
[Site "Charlotte"]
[Date "2019.06.28"]
[Round "4.3"]
[White "Morris-Suzuki, Sophie"]
[Black "Wu, Abbie"]
[Result "0-1"]
[ECO "B52"]
[WhiteElo "1945"]
[BlackElo "1448"]
[Annotator "NA RC"]
[PlyCount "116"]
[EventDate "2019.06.27"]
[EventType "swiss"]
[EventCountry "USA"]
[SourceTitle "playchess.com"]
[Source "ChessBase"]
[SourceQuality "1"]
[TimeControl "5400+30"]

1. e4 c5 2. Nf3 d6 3. Bb5+ Bd7 4. Bxd7+ Qxd7 5. O-O Nf6 6. e5 dxe5 {[%emt 0:00:30] B52: Sicilian: Moscow Variation with 3...Bd7} 7. Nxe5 Qf5 (7... Qc8 8. Qf3 e6 9. b3 Be7 10. Bb2 Nbd7 11. Nc4 O-O 12. Nc3 Qc7 13. a4 Rad8 14. Rfe1 a6 15. a5 Nb8 {1-0 (97) Nakamura,H (2764)-Gelfand,B (2748) Tashkent 2014}) 8. Re1 Nfd7 9. d4 $146 ({Predecessor:} 9. Nxd7 Qxd7 10. b3 Nc6 11. Bb2 Nd4 12. Nc3 e6 13. Ne2 Be7 14. Nxd4 cxd4 {0-1 (51) De Boer,G-Van der Wiel,J Rotterdam 1977}) 9... cxd4 10. Qxd4 Nxe5 11. Qxe5 ({Don't play} 11. Rxe5 Nc6 $17 {[%mdl 64] Double Attack}) 11... Qxe5 12. Rxe5 Nc6 13. Re1 Nd4 14. Na3 e6 15. Be3 Nf5 16. Nb5 Nxe3 17. Nc7+ {[%emt 0:00:30] [#]} (17. fxe3 $11 {remains equal.} Ke7 18. Kf2) 17... Ke7 (17... Kd7 $1 $17 18. Nxa8 Nf5) 18. Rxe3 Rd8 19. Nb5 a6 20. Nc3 g6 21. Ne4 Bg7 22. Rb3 b5 23. a4 Rd4 24. Nc5 Rhd8 25. Kf1 {[%emt 0:00:30] [#]} (25. g3 $15) 25... bxa4 ({Black should play} 25... Rc4 $1 $17 26. axb5 Rxc5 27. bxa6 Rc7) 26. Nxa4 Rd2 27. Rb7+ {[%emt 0:00:30] [#]} Kf8 (27... R8d7 $1 $17 28. Rxd7+ Kxd7) 28. Rc7 $2 (28. c3 $11 {and White is okay.}) 28... Bd4 29. Ra3 Rxf2+ 30. Ke1 Rf5 31. Rc6 Bg1 32. g4 Re5+ 33. Kf1 Rd1+ 34. Kg2 Re2+ 35. Kf3 Rf2+ 36. Kg3 Rdd2 37. Rf3 Bxh2+ 38. Kh4 Rxf3 39. c4 g5+ 40. Kxg5 Bf4+ 41. Kf6 Bh6+ 42. Ke5 Bg7+ 43. Ke4 Rfd3 44. Nc5 Rd4+ 45. Ke3 Bh6+ 46. Kf3 Rd6 47. Rc8+ Kg7 48. g5 Bxg5 49. Kg4 R6d4+ 50. Kf3 Rxb2 51. Rc7 Kg6 52. Rc8 Rxc4 53. Rg8+ Kh6 54. Nd3 Rb3 55. Ke2 Rc2+ 56. Kd1 Rd2+ 57. Ke1 Rb1+ 58. Nc1 Rxc1# 0-1

[Event "North American U20 Girls 2019"]
[Site "Charlotte"]
[Date "2019.06.28"]
[Round "4.4"]
[White "Cui, Cynthia"]
[Black "Chin, Angelica"]
[Result "0-1"]
[ECO "D31"]
[WhiteElo "1775"]
[BlackElo "1937"]
[Annotator "NA RC"]
[PlyCount "136"]
[EventDate "2019.06.27"]
[EventType "swiss"]
[EventCountry "USA"]
[SourceTitle "playchess.com"]
[Source "ChessBase"]
[SourceQuality "1"]
[TimeControl "5400+30"]

1. c4 e6 2. Nc3 d5 3. d4 Be7 4. cxd5 exd5 5. Bf4 c6 6. e3 Bd6 7. Bxd6 Qxd6 8. Bd3 Ne7 {[%emt 0:00:30] D31: Queen's Gambit Declined: Semi-Slav without ...Nf6 (+ Marshall Gambit and Noteboom) and Exchange Variation lines without ...Nf6} 9. Qc2 b6 10. Nf3 Ba6 11. O-O Bxd3 12. Qxd3 O-O 13. Rab1 (13. e4 Nd7 14. Rfe1 Rfe8 {0-1 (27) Nakamura,H (2780)-Topalov,V (2749) Saint Louis 2017}) 13... Nd7 14. b4 Nf6 $146 ({Predecessor:} 14... a6 15. a3 a5 16. bxa5 Rxa5 {0-1 (31) Ott,F (2345)-Slobodjan,R (2460) Germany 2017}) 15. Rfc1 Rfe8 16. Ne5 Nd7 17. Nxd7 Qxd7 18. Ne2 Rac8 19. a4 Nf5 20. Nf4 Nd6 21. b5 cxb5 22. axb5 Nxb5 23. h3 Nc7 24. Qa3 Ne6 25. Nd3 Nf8 26. Qa6 Rc7 (26... Ng6 $15) 27. Rxc7 $1 Qxc7 28. Rc1 Qe7 29. Ra1 Ra8 30. Nf4 Qd7 31. Qa2 a5 32. Qxd5 Qxd5 (32... Ra7 $11) 33. Nxd5 Nd7 34. Nc3 Rc8 35. Ra3 Kf8 36. Kf1 Ke7 37. Ke2 Kd6 38. Nb5+ Kd5 39. e4+ Ke6 40. f4 Rc2+ 41. Kf3 Rb2 42. d5+ Ke7 43. Nd4 Nc5 44. Rc3 {[%emt 0:00:30] [#]} a4 (44... Rf2+ $1 $17 45. Ke3 (45. Kxf2 Nxe4+) 45... Rxg2) 45. e5 Kd7 46. f5 Rb4 47. e6+ Ke8 48. Ke3 Rb1 49. Ke2 Rb2+ 50. Kf3 Rd2 51. Nb5 fxe6 52. dxe6 $11 Ke7 53. Na3 Rd5 54. g4 g6 55. fxg6 hxg6 56. Nc4 b5 57. Ne3 Re5 58. Kf4 Kxe6 59. Nc2 g5+ 60. Kf3 Nb3 61. Rd3 Rd5 62. Re3+ Kd6 63. Kg3 Nd2 64. Ra3 Nc4 65. Rf3 Ne5 66. Nb4 Nxf3 67. Nxd5 Kxd5 68. Kxf3 a3 0-1

[Event "North American U20 Girls 2019"]
[Site "Charlotte"]
[Date "2019.06.28"]
[Round "4.5"]
[White "Li, Yilin"]
[Black "Qiao, Cindy"]
[Result "0-1"]
[ECO "D36"]
[WhiteElo "1916"]
[BlackElo "1777"]
[Annotator "NA RC"]
[PlyCount "59"]
[EventDate "2019.06.27"]
[EventType "swiss"]
[EventCountry "USA"]
[SourceTitle "playchess.com"]
[Source "ChessBase"]
[SourceQuality "1"]
[TimeControl "5400+30"]

1. c4 e6 2. d4 d5 3. Nc3 Nf6 4. Bg5 Nbd7 5. e3 Be7 6. cxd5 exd5 7. Bd3 c6 8. Nge2 Nh5 9. Bxe7 Qxe7 10. Qc2 g6 11. Rc1 {[%emt 0:00:30] D36: Queen's Gambit Declined: Exchange Variation: Main line (5 Bg5 c6 6 Qc2)} (11. O-O O-O 12. Rae1 Ndf6 13. Nc1 Bd7 14. f3 Rfe8 15. Nb3 b6 16. e4 Nf4 17. Qd2 Nxd3 18. Qxd3 Rad8 19. Qe3 Be6 20. e5 Nd7 {0-1 (56) Robson,R (2667)-Akobian,V (2625) Saint Louis 2019}) 11... Nb6 12. O-O O-O 13. a3 Bd7 $146 ({Predecessor:} 13... Re8 14. Rcd1 Be6 15. a4 a5 16. b3 Bg4 17. h3 Bd7 18. Rb1 Nc8 {½-½ (35) Hildebrand,G (2383)-Schmidt,K (2169) ICCF email 2012}) 14. Rfe1 Rae8 15. e4 dxe4 16. Nxe4 Bf5 17. Nc5 Bxd3 18. Nxd3 Qc7 19. Ne5 Nd5 20. g3 Ng7 $11 21. Qc5 Ne6 22. Qc4 (22. Qxd5 $1 $11 cxd5 23. Rxc7 Nxc7 24. Nd7) 22... Qd6 {[%emt 0:00:30] Remove Defender} 23. Ng4 Rd8 24. Rcd1 (24. Qd3 $15) 24... f6 25. Nc3 Ng5 26. Kg2 f5 27. Ne5 Ne6 28. Nf3 Kg7 29. Re5 Rd7 30. Qxd5 0-1

[Event "North American U20 Girls 2019"]
[Site "Charlotte"]
[Date "2019.06.28"]
[Round "5.2"]
[White "Qiao, Cindy"]
[Black "Zhu, Evelyn"]
[Result "0-1"]
[ECO "A04"]
[WhiteElo "1777"]
[BlackElo "2006"]
[Annotator "NA RC"]
[PlyCount "58"]
[EventDate "2019.06.27"]
[EventType "swiss"]
[EventCountry "USA"]
[SourceTitle "playchess.com"]
[Source "ChessBase"]
[SourceQuality "1"]
[TimeControl "5400+30"]

1. e4 c5 2. Nf3 e6 3. d3 Nc6 4. Nbd2 g6 5. g3 Bg7 6. Bg2 Nge7 7. O-O O-O 8. Re1 d6 9. c3 e5 10. Nf1 h6 11. h4 f5 12. exf5 gxf5 13. Qe2 Rb8 14. Bd2 b6 15. Rab1 Ba6 16. c4 b5 17. b3 d5 18. Red1 bxc4 19. dxc4 e4 20. N3h2 Qe8 21. Bf4 Rd8 22. a3 Ng6 23. Be3 Nd4 24. Qh5 f4 25. gxf4 Nxf4 26. Qxe8 Nfe2+ 27. Kh1 Rfxe8 28. Rd2 Nc3 29. Rc1 Nxb3 0-1

[Event "North American U20 Girls 2019"]
[Site "Charlotte"]
[Date "2019.06.28"]
[Round "5.3"]
[White "Chin, Angelica"]
[Black "Wu, Abbie"]
[Result "0-1"]
[ECO "B85"]
[WhiteElo "1937"]
[BlackElo "1448"]
[Annotator "NA RC"]
[PlyCount "106"]
[EventDate "2019.06.27"]
[EventType "swiss"]
[EventCountry "USA"]
[SourceTitle "playchess.com"]
[Source "ChessBase"]
[SourceQuality "1"]
[TimeControl "5400+30"]

1. e4 c5 2. Nf3 d6 3. d4 cxd4 4. Nxd4 Nf6 5. Nc3 Nc6 6. Be2 e6 7. O-O Be7 8. Be3 O-O 9. f4 a6 10. Kh1 Qc7 11. Qe1 Nxd4 12. Bxd4 e5 13. Be3 exf4 14. Bxf4 Be6 15. Qg3 Kh8 16. Rad1 Rfd8 17. e5 dxe5 18. Bxe5 Qc5 19. Ne4 Qxc2 20. Bd3 Rxd3 21. Rxd3 Bc4 22. Rd2 Qxe4 23. Rd4 Qc2 24. Rfd1 Be6 25. Qf3 Qc6 26. Qd3 h6 27. a3 Rc8 28. Bd6 Bxd6 29. Rxd6 Qc2 30. Qd4 Qe4 31. Qf2 Rc2 32. Qg3 Nh5 33. Rd8+ Kh7 34. Qd3 Qxd3 35. R8xd3 Rxb2 36. Kg1 Nf4 37. R3d2 Rb3 38. g3 Nh3+ 39. Kg2 Rxa3 40. Re1 Ng5 41. Rb2 Bd5+ 42. Kf2 Rf3+ 43. Ke2 Bc4+ 44. Kd1 Rd3+ 45. Kc2 Nf3 46. Re4 Rd2+ 47. Kc3 Rxb2 48. Kxb2 b5 49. h4 a5 50. Rf4 Ne5 51. Rf5 f6 52. Kc3 b4+ 53. Kb2 Kg6 0-1

[Event "North American U20 Girls 2019"]
[Site "Charlotte"]
[Date "2019.06.28"]
[Round "5.4"]
[White "Velidandla, Sarvagna"]
[Black "Ehsani, Yassamin"]
[Result "0-1"]
[ECO "D10"]
[WhiteElo "1717"]
[BlackElo "1866"]
[Annotator "NA RC"]
[PlyCount "64"]
[EventDate "2019.06.27"]
[EventType "swiss"]
[EventCountry "USA"]
[SourceTitle "playchess.com"]
[Source "ChessBase"]
[SourceQuality "1"]
[TimeControl "5400+30"]

1. d4 d5 2. c4 c6 3. cxd5 cxd5 4. Nc3 Nf6 5. Bf4 Nc6 6. e3 a6 7. Bd3 Bg4 8. Nge2 e6 9. O-O Bd6 10. Qb3 O-O 11. f3 Bh5 12. Bxd6 Qxd6 13. Rfd1 Bg6 14. Bxg6 hxg6 15. e4 dxe4 16. Nxe4 Nxe4 17. fxe4 Rac8 18. d5 Na5 19. Qe3 Nc4 20. Qb3 Qc5+ 21. Kh1 Qf2 22. Nd4 Ne3 23. Rg1 exd5 24. exd5 Ng4 25. Rad1 Qxd4 26. Rdf1 Nf2+ 27. Rxf2 Qxf2 28. Qd3 Qxb2 29. d6 Rc1 30. d7 Rxg1+ 31. Kxg1 Qb6+ 32. Kf1 Qb5 0-1

[Event "North American U20 Girls 2019"]
[Site "Charlotte"]
[Date "2019.06.28"]
[Round "5.5"]
[White "Avirneni, Saithanusri"]
[Black "Morris-Suzuki, Sophie"]
[Result "1-0"]
[ECO "D20"]
[WhiteElo "1641"]
[BlackElo "1945"]
[Annotator "NA RC"]
[PlyCount "95"]
[EventDate "2019.06.27"]
[EventType "swiss"]
[EventCountry "USA"]
[SourceTitle "playchess.com"]
[Source "ChessBase"]
[SourceQuality "1"]
[TimeControl "5400+30"]

1. d4 d5 2. c4 dxc4 3. e4 Nc6 4. Be3 Nf6 5. Nc3 e5 6. d5 Ne7 7. Bxc4 a6 8. a4 Ng6 9. Nge2 Ng4 10. Qd2 Be7 11. O-O O-O 12. f4 exf4 13. Nxf4 Bd6 14. h3 Nxe3 15. Qxe3 Bxf4 16. Rxf4 Nxf4 17. Qxf4 Qd6 18. e5 Qg6 19. Kh2 Bf5 20. Rf1 Bd3 21. Bxd3 Qxd3 22. Rf3 Qg6 23. Rg3 Qb6 24. d6 f5 25. Qg5 g6 26. Nd5 Qf2 27. Ne7+ Kg7 28. Rf3 Qc2 29. Rg3 f4 30. Rc3 Qe4 31. Rxc7 Rf7 32. Rc3 Re8 33. d7 Ref8 34. Rc8 h6 35. Qxg6+ Qxg6 36. Nxg6 Kxg6 37. e6 f3 38. gxf3 Rxf3 39. Rxf8 Rxf8 40. e7 Rf2+ 41. Kg3 Rxb2 42. e8=Q+ Kf5 43. d8=Q Rb3+ 44. Kh4 b5 45. Qd5+ Kf6 46. Qee6+ Kg7 47. Qdd7+ Kf8 48. Qee8# 1-0